 Dungeon Crawl Stone Soup version 0.19.1-1-g22dce08 (webtiles) character file.

110 McKennaii the Gusty (level 4, -5/27 HPs)
             Began as a High Elf Air Elementalist on Jan 6, 2017.
             Slain by Grinder (8 damage)
             ... on level 3 of the Dungeon.
             The game lasted 00:07:10 (1648 turns).

McKennaii the Gusty (High Elf Air Elementalist)     Turns: 1648, Time: 00:07:11

Health: -5/27      AC:  2    Str:  7    XL:     4   Next: 61%
Magic:  2/9        EV: 13    Int: 19    God:
Gold:   160        SH:  0    Dex: 16    Spells: 3 memorised, 4 levels left

rFire  . . .     SeeInvis .     g - +3 whip (elec)
rCold  . . .     Gourm    .     a - +0 robe
rNeg   . . .     Faith    .     (no shield)
rPois  .         Spirit   .     (no helmet)
rElec  .         Reflect  .     (no cloak)
rCorr  .         Harm     .     (no gloves)
MR     .....                    (no boots)
Stlth  ++........               (no amulet)
                                (no ring)
                                (no ring)

@: no status effects
A: no striking features
a: no special abilities


You were on level 3 of the Dungeon.
You were not hungry.

You visited 1 branch of the dungeon, and saw 3 of its levels.

You collected 160 gold pieces.

Inventory:

Hand Weapons
 g - a +3 whip of electrocution (weapon)
Armour
 a - a +0 robe (worn)
Jewellery
 i - an uncursed ring of protection from fire {unknown}
Scrolls
 f - 2 scrolls of blinking {unknown}
 k - a scroll of teleportation {unknown}
 l - a scroll of amnesia {unknown}
 m - 2 scrolls of identify {unknown}
 n - a scroll of immolation {unknown}
 q - a scroll of random uselessness {unknown}
 s - 2 scrolls of remove curse {unknown}
 t - a scroll of enchant weapon {unknown}
Potions
 e - 2 potions of agility {unknown}
 j - a potion of flight {unknown}
 o - a potion of magic {unknown}
 r - a potion of brilliance {unknown}
Books
 b - a book of Air

   Spells                             Type                      Level
   a - Shock                          Conjuration/Air              1
   b - Swiftness                      Charms/Air                   2
   c - Repel Missiles                 Charms/Air                   2
   d - Static Discharge               Conjuration/Air              3
   e - Lightning Bolt                 Conjuration/Air              5
Comestibles
 c - 4 bread rations
 d - a slice of pizza
 h - 2 meat rations
 p - 2 fruits


   Skills:
 + Level 0.2 Fighting
 - Level 0.7 Maces & Flails
 + Level 2.5 Dodging
 + Level 2.5 Stealth
 + Level 0.4 Unarmed Combat
 + Level 3.2 Spellcasting
 + Level 2.1 Conjurations
 + Level 4.8 Air Magic


You had 4 spell levels left.
You knew the following spells:

 Your Spells              Type           Power        Failure   Level  Hunger
a - Shock                 Conj/Air       ###.         4%          1    None
b - Swiftness             Chrm/Air       ##......     10%         2    ##.....
c - Repel Missiles        Chrm/Air       ##....       10%         2    ##.....


Dungeon Overview and Level Annotations

Branches:
Dungeon (3/15)

Altars:
Cheibriados
Dithmenos
Fedhas

Annotations:
D:3 Grinder


Message History

* * * LOW HITPOINT WARNING * * *
You writhe in agony.
* * * LOW HITPOINT WARNING * * *
Casting: Shock
Confirm with . or Enter, or press ? or * to list all spells.
Aiming: Shock
Press: ? - help, Shift-Dir - straight line, f/p - Grinder
Aim: Grinder (lightly wounded)
The zap hits Grinder.
Grinder appears unharmed.
Grinder is lightly wounded.
Grinder misses you.
Casting: Shock
Confirm with . or Enter, or press ? or * to list all spells.
Aiming: Shock
Press: ? - help, Shift-Dir - straight line, f/p - Grinder
Aim: Grinder (lightly wounded)
The zap hits Grinder.
Grinder is lightly wounded.
Grinder hits you!
You die...

#########
########... ...#
#........#####.####
#.#####.......).@.#
#........#####.##5#
#..#.....## #.##.#
#..#†##........##.#
#.......#########.#
##.#.##.# ?..
#.#.##.###### #.#
#...........# #.#
##.....#.....# #.#


You could see Grinder.

Vanquished Creatures
  Ijyb (D:3)
  A worker ant (D:3)
  A gnoll (D:1)
  3 dart slugs
  3 bats
  3 giant cockroaches
  4 goblins
  5 hobgoblins
  4 jackals (D:2)
  8 kobolds
  2 quokkas
  5 frilled lizards
  6 rats
46 creatures vanquished.

Notes
Turn   | Place    | Note
-------+----------+-------------------------------------------
     0 | D:1      | McKennaii the High Elf Air Elementalist began the quest for the Orb.
     0 | D:1      | Reached XP level 1. HP: 11/11 MP: 4/4
   125 | D:1      | Reached skill level 4 in Air Magic
   126 | D:1      | Reached XP level 2. HP: 13/17 MP: 1/6
   130 | D:1      | Learned a level 2 spell: Swiftness
   133 | D:1      | Learned a level 2 spell: Repel Missiles
   432 | D:1      | Reached XP level 3. HP: 21/21 MP: 5/7
   803 | D:2      | Found a blossoming altar of Fedhas.
   850 | D:2      | Found a faded altar of an unknown god.
  1054 | D:2      | Found a faded altar of an unknown god.
  1054 | D:2      | Found a faded altar of an unknown god.
  1060 | D:2      | Found a faded altar of an unknown god.
  1062 | D:2      | Found a faded altar of an unknown god.
  1064 | D:2      | Found a snail-covered altar of Cheibriados.
  1274 | D:3      | Found a shadowy altar of Dithmenos.
  1274 | D:3      | Noticed Ijyb
  1284 | D:3      | Killed Ijyb
  1284 | D:3      | Reached XP level 4. HP: 26/27 MP: 5/9
  1636 | D:3      | Noticed Grinder
  1643 | D:3      | Paralysed by Grinder for 3 turns
  1648 | D:3      | Slain by Grinder

Skill      XL: |  1  2  3  4 |
---------------+-------------+-----
Air Magic      | 4 |  4.8
Spellcasting   | 3 |  3.2
Conjurations   | 2 |  2.1
Fighting       | |  0.2
Maces & Flails | |  0.7
Dodging        | |  2.5
Stealth        | |  2.5
Unarmed Combat | |  0.4

Action                   |  1- 3 |  4- 6 || total
-------------------------+-------+-------++-------
Melee: Unarmed           |    14 |       ||    14
       Whip              |    10 |     5 ||    15
       Punch             |     1 |       ||     1
 Cast: Shock             |    56 |    33 ||    89
 Stab: Sleeping          |     1 |       ||     1
  Eat: Fruit             |     2 |       ||     2
       Beef jerky        |     1 |       ||     1
Armor: Robe              |     8 |       ||     8
Dodge: Dodged            |    18 |     9 ||    27
